 Dungeon Crawl Stone Soup version 0.29.1-15-g9cfb28693d (webtiles) character file.

Game seed: 18280918143639695497

4421 BuddhaDhamma the Severer (level 10, -4/77 HPs)
             Began as a Minotaur Berserker on Mar 27, 2023.
             Was an Elder of Trog.
             Slain by a yak (5 damage)
             ... on level 8 of the Dungeon.
             The game lasted 00:12:04 (6845 turns).

BuddhaDhamma the Severer (Minotaur Berserker)       Turns: 6845, Time: 00:12:05

Health: -4/77      AC: 13    Str: 26    XL:     10   Next: 14%
Magic:  9/9        EV:  7    Int:  4    God:    Trog [****..]
Gold:   228        SH:  0    Dex: 10    Spells: 9/9 levels left

rFire   . . .      SeeInvis .   i - +2 war axe (vamp)
rCold   . . .      Faith    .   (no shield)
rNeg    . . .      Spirit   .   w - +0 plate armour
rPois   .          Reflect  .   (helmet restricted)
rElec   .          Harm     .   u - scarf {repulsion}
rCorr   .          Rampage  .   z - +1 pair of gloves
Will    .....                   (no boots)
Stlth   ..........              d - amulet of the acrobat
HPRegen 0.22/turn               (no ring)
MPRegen 0.11/turn               (no ring)

@: on berserk cooldown, slowed, repel missiles, very slow
A: horns 2, retaliatory headbutt
a: Renounce Religion, Berserk, Trog's Hand, Brothers in Arms


You were on level 8 of the Dungeon.
You worshipped Trog.
Trog was greatly pleased with you.
You visited 1 branch of the dungeon, and saw 8 of its levels.

You collected 342 gold pieces.
You spent 114 gold pieces at shops.

Inventory:

Hand Weapons
 f - a +0 battleaxe
 i - a +2 vampiric war axe (weapon)
Missiles
 b - 6 boomerangs (quivered)
Armour
 u - a scarf of repulsion (worn)
 w - a +0 plate armour (worn)
 z - a +1 pair of gloves (worn)
Jewellery
 d - an amulet of the acrobat (around neck)
 g - an amulet of reflection
Wands
 p - a wand of mindburst (3)
 B - a wand of digging (3)
 D - a wand of flame (29)
Scrolls
 j - 2 scrolls of fear
 l - a scroll of teleportation
 n - a scroll of noise
 s - a scroll of blinking
Potions
 a - 3 potions of mutation
 c - a potion of curing {unknown}
 e - 5 potions of might
 h - 2 potions of ambrosia
 k - 2 potions of attraction {unknown}
 m - a potion of flight {unknown}
 o - 2 potions of brilliance {unknown}
 q - a potion of berserk rage {unknown}
 r - 2 potions of degeneration
 t - 2 potions of heal wounds
 v - a potion of invisibility
 x - 2 potions of lignification


   Skills:
 - Level 3.6 Fighting
 + Level 17.4 Axes
 - Level 2.4 Armour
 - Level 2.1 Dodging


You had 9 spell levels left.
You didn't know any spells.
Your spell library was empty.

Dungeon Overview and Level Annotations

Branches:
Dungeon (8/15)             Temple (0/1) D:4            Lair (0/5) D:8

Altars:
Vehumet

Shops:
D:1 (   D:4 :   D:6 :?   D:8 (


Innate Abilities, Weirdness & Mutations

You have a pair of horns on your head.
You reflexively headbutt those who attack you in melee.


Message History

Trog accepts your kill.
You hit the yak but do no damage. You slash the yak!
You kill the yak!
Trog accepts your kill.
You slice the yak!!
You feel better.
You kill the yak!
Trog accepts your kill.
You hit the yak. The steam dragon breathes steam at you.
The ball of steam hits you!
* * * LOW HITPOINT WARNING * * *
The yak closely misses you. You furiously retaliate!
You headbutt the yak! The yak gores you but does no damage.
You have reached level 10!
You closely miss the yak. You headbutt the yak.
The yak is lightly wounded.
You barely miss the yak. You slash the yak!
You feel better.
You kill the yak!
Trog accepts your kill.
You are engulfed in a cloud of scalding steam.
The yak gores you but does no damage. The yak gores you!
* * * LOW HITPOINT WARNING * * *
You hit the yak. Your headbutt misses the yak.
The yak is lightly wounded.
You slash the steam dragon! You hit the yak.
You are engulfed in a cloud of scalding steam.
The steam dragon breathes steam at you. The ball of steam hits you.
* * * LOW HITPOINT WARNING * * *
The yak is engulfed in a cloud of scalding steam.
The yak gores you.
* * * LOW HITPOINT WARNING * * *
The yak gores you.
* * * LOW HITPOINT WARNING * * *
You completely miss the yak.
The yak is lightly wounded.
You hit the steam dragon. You slash the yak!
The steam dragon closely misses you. The steam dragon barely misses you.
The yak gores you.
You die...

..... ....$.... .....
.......!$# #.....
.........? ##....
#.........
#.....###.....∩...
.......))........
.#.....)).....# .#
##.....†Y....# .#..
#.#.###@D§>.## .... #
#....§Y!...#.. .#...
##..............
.....###....†..#.......
#>.....#...).........
#...<.##......$.....
#.....#.##..........
###.....#...#.......
#...#).....#.......


You could see 2 yaks and a steam dragon.

Vanquished Creatures
  A two-headed ogre (D:8)
  Joseph (D:8)
  Maggie (D:7)
  Prince Ribbit (D:7)
  4 yaks (D:8)
  Grum (D:8)
  Menkaure (D:7)
  A sky beast (D:6)
  2 ice beasts (D:5)
  3 orc warriors (D:7)
  An ogre (D:6)
  3 wolves (D:8)
  2 centaurs
  2 kobold brigands
  5 bullfrogs
  2 necrophages (D:6)
  A wight (D:4)
  A howler monkey (D:6)
  A jelly (D:5)
  4 hounds
  3 gnoll boudas
  Natasha (thrice) (D:4)
  2 orc wizards
  12 gnolls
  6 adders
  2 white imps
  2 ufetubi
  A worm (D:3)
  4 dart slugs
  19 orcs
  8 ball pythons
  6 endoplasms
  5 giant cockroaches
  7 hobgoblins
  4 jackals (D:2)
  5 quokkas
  6 bats
  A frilled lizard (D:2)
  3 goblins
  25 kobolds
  5 rats
167 creatures vanquished.

Notes
Turn   | Place    | Note
-------+----------+-------------------------------------------
     0 | D:1      | BuddhaDhamma the Minotaur Berserker began the quest for the
                  | Orb.
     0 | D:1      | Reached XP level 1. HP: 19/19 MP: 0/0
    35 | D:1      | Reached skill level 4 in Axes
   240 | D:1      | Reached XP level 2. HP: 12/26 MP: 1/1
   679 | D:1      | Found Minaeck's Weapon Shoppe.
   758 | D:1      | Reached skill level 5 in Axes
   942 | D:2      | Found a faded altar of an unknown god.
   948 | D:2      | Reached XP level 3. HP: 27/31 MP: 2/2
  1048 | D:2      | Reached ** piety under Trog
  1545 | D:2      | Identified the +2 pair of gloves of Compassion {Regen+
                  | Str-5 Int+3 Dex+3}
  1561 | D:2      | Reached skill level 6 in Axes
  1561 | D:2      | Reached XP level 4. HP: 35/39 MP: 3/3
  2130 | D:3      | Reached *** piety under Trog
  2571 | D:4      | Found Tueph's Book Shop.
  2629 | D:4      | Noticed Natasha
  2637 | D:4      | Killed Natasha
  2638 | D:4      | Reached skill level 7 in Axes
  2638 | D:4      | Reached XP level 5. HP: 27/45 MP: 4/4
  2796 | D:4      | Found a staircase to the Ecumenical Temple.
  2885 | D:4      | Noticed Natasha
  2893 | D:4      | Killed Natasha
  3047 | D:4      | Reached skill level 8 in Axes
  3047 | D:4      | Reached XP level 6. HP: 40/51 MP: 5/5
  3302 | D:4      | Noticed Natasha
  3309 | D:4      | Killed Natasha
  3498 | D:5      | Entered Level 5 of the Dungeon
  3550 | D:5      | Noticed an ice beast
  3563 | D:5      | Killed an ice beast
  3564 | D:5      | Reached skill level 9 in Axes
  3638 | D:5      | Noticed an ice beast
  3646 | D:5      | Killed an ice beast
  3646 | D:5      | Reached **** piety under Trog
  3647 | D:5      | Reached XP level 7. HP: 57/57 MP: 6/6
  3650 | D:5      | Reached skill level 10 in Axes
  4522 | D:6      | Reached skill level 11 in Axes
  4644 | D:6      | Reached XP level 8. HP: 64/64 MP: 7/7
  4816 | D:6      | Reached skill level 12 in Axes
  4816 | D:6      | Found Puusyw's Magic Scroll Emporium.
  4960 | D:6      | Bought a scroll of identify for 24 gold pieces
  4960 | D:6      | Bought a scroll of enchant weapon for 90 gold pieces
  5160 | D:6      | Found Leufokha's Self-Improvement Boutique.
  5213 | D:6      | Found a radiant altar of Vehumet.
  5547 | D:7      | Reached skill level 13 in Axes
  5647 | D:7      | Noticed Maggie
  5651 | D:7      | Noticed Menkaure
  5660 | D:7      | Killed Maggie
  5663 | D:7      | Killed Menkaure
  5767 | D:7      | Noticed Prince Ribbit
  5824 | D:7      | Killed Prince Ribbit
  5825 | D:7      | Reached skill level 14 in Axes
  5825 | D:7      | Reached XP level 9. HP: 21/70 MP: 8/8
  6620 | D:8      | Noticed Joseph
  6620 | D:8      | Found a staircase to the Lair.
  6635 | D:8      | Killed Joseph
  6636 | D:8      | Reached skill level 15 in Axes
  6648 | D:8      | Found Batir's Antique Weapon Emporium.
  6697 | D:8      | Noticed Grum
  6703 | D:8      | Reached skill level 16 in Axes
  6710 | D:8      | Killed Grum
  6825 | D:8      | Noticed a two-headed ogre
  6833 | D:8      | Killed a two-headed ogre
  6834 | D:8      | Reached skill level 17 in Axes
  6843 | D:8      | Reached XP level 10. HP: 19/77 MP: 9/9
  6844 | D:8      | HP: 1/77 [yak (5)]
  6845 | D:8      | Slain by a yak

Illustrated notes

Levels and vault maps discovered:
D:1:      dpeg_arrival_erosion, layout_basic, serial_shops,
          nicolae_shop_bloodbath_and_beyond, minmay_octomino_e4
D:2:      minmay_recursive_quarters, layout_basic,
          shapermc_ecumenical_altar_starsandcircs, nicolae_figureground_pulse
D:3:      layout_loops_cross
D:4:      layout_basic, minmay_temple_entry_ruins, serial_shops,
          nicolae_shop_advertising_works [nicolae_subvault_shop_adworks],
          minmay_misc_feat_alley, minivault_27, minmay_cut_off, uniq_natasha
D:5:      layout_loops_corners
D:6:      layout_rooms, mainiacjoe_overflow_paths, serial_shops, shop,
          hex_medium, st_stairs_4, nicolae_shop_self_help
D:7:      layout_loops_ring, uniq_prince_ribbit1, uniq_menkaure, uniq_maggie
D:8:      layout_cave_pools, lair_entry_dummy, serial_shops, shop,
          nicolae_take_the_stairs, uniq_pikel, uniq_grum, uniq_erica,
          uniq_joseph

Skill      XL: |  1  2  3  4  5  6  7  8  9 |
---------------+----------------------------+-----
Axes           | 4 5 6 7 8 9 11 14 17 | 17.4
Fighting       | |  3.6
Armour         | |  2.4
Dodging        | |  2.1

Action                   |  1- 3 |  4- 6 |  7- 9 | 10-12 || total
-------------------------+-------+-------+-------+-------++-------
Melee: Hand axe          |    37 |       |       |       ||    37
       Headbutt          |    13 |    13 |    40 |     1 ||    67
       War axe           |    48 |    80 |   197 |     3 ||   328
       Punch             |     1 |     1 |     1 |       ||     3
Throw: Boomerang         |    20 |    32 |       |       ||    52
Invok: Berserk           |       |     1 |     6 |       ||     7
  Use: Scroll            |       |       |    18 |       ||    18
Armor: Animal skin       |     9 |       |       |       ||     9
       Ring mail         |     8 |    14 |       |       ||    22
       Plate armour      |       |    14 |    94 |     3 ||   111
Dodge: Dodged            |    85 |    50 |   105 |     2 ||   242
